 Dungeon Crawl Stone Soup version 0.20.1-1-g8b1a95d (webtiles) character file.

3031 vatarom the Carver (level 9, 0/69 HPs)
             Began as a Demonspawn Chaos Knight on Sept 2, 2017.
             Succumbed to a killer bee's poison
             ... on level 7 of the Dungeon.
             The game lasted 00:17:11 (6860 turns).

vatarom the Carver (Demonspawn Chaos Knight)        Turns: 6860, Time: 00:17:11

Health: 0/69       AC: 14    Str: 14    XL:     9   Next: 56%
Magic:  4/9        EV: 13    Int: 13    God:    Xom [....*.]
Gold:   324        SH:  0    Dex: 18    Spells: 8/8 levels left

rFire    . . .     SeeInvis .   a - +0 falchion (chaos)
rCold    + . .     Gourm    .   (no shield)
rNeg     . . .     Faith    .   b - +3 leather armour
rPois    .         Spirit   +   (helmet restricted)
rElec    .         Reflect  .   (no cloak)
rCorr    .         Harm     .   (no gloves)
MR       +....                  (no boots)
Stlth    +.........             (no amulet)
Regen    0.3/turn               j - ring of protection from cold
MPRegen  0.2/turn               p - +3 ring of dexterity

@: lethally poisoned (0 -> -2), sanguine armour
A: antennae 2, talons 1, deformed body, foul stench 1, high mp 1, magic
resistance 1, magic shield, rot immunity, MP-powered wands, sanguine armour 2
a: Renounce Religion


You were on level 7 of the Dungeon.
You worshipped Xom.
You were a beloved toy of Xom.
You were not hungry.

You visited 2 branches of the dungeon, and saw 8 of its levels.
You also visited: Sewer.

You collected 346 gold pieces.
You spent 22 gold pieces at shops.

Inventory:

Hand Weapons
 a - a +0 falchion of chaos (weapon)
Missiles
 n - 31 bolts
Armour
 b - a +3 leather armour (worn)
 o - a +0 ring mail
Jewellery
 j - a ring of protection from cold (left hand)
 p - a +3 ring of dexterity (right hand)
Wands
 d - a wand of flame (20/48)
 h - a wand of iceblast (7/15)
 m - a wand of lightning (0/15)
 v - a wand of confusion (22/48)
Scrolls
 e - 2 scrolls of identify
 k - a scroll of amnesia
 l - 3 scrolls of magic mapping
 q - a scroll of fog
 r - a scroll of teleportation
 w - a scroll of blinking
 y - a scroll of immolation {unknown}
Potions
 s - a potion of flight
 u - a potion of invisibility
Books
 i - a book of Conjurations

   Spells                             Type                      Level
   a - Magic Dart                     Conjuration                  1
   b - Searing Ray                    Conjuration                  2
   c - Dazzling Spray                 Conjuration/Hexes            3
   d - Fulminant Prism                Conjuration/Hexes            4
   e - Force Lance                    Conjuration/Translocation    4
   f - Iskenderun's Mystic Blast      Conjuration                  4
Comestibles
 c - a bread ration
 f - 13 fruits
 g - 3 royal jellies
 t - a meat ration


   Skills:
 - Level 5.9 Fighting
 + Level 9.5 Long Blades
 - Level 6.4 Armour
 * Level 2.5 Dodging


You had 8 spell levels left.
You didn't know any spells.

Dungeon Overview and Level Annotations

Branches:
Dungeon (7/15)             Temple (1/1) D:4

Altars:
Ashenzari
Cheibriados
Dithmenos
Elyvilon
Fedhas
Gozag
Kikubaaqudgha
Makhleb
Nemelex Xobeh
Qazlal
Ru
Sif Muna
Trog
Vehumet
Xom
Yredelemnul
Zin
The Shining One

Shops:
D:5 =([!:


Innate Abilities, Weirdness & Mutations

You have a pair of antennae on your head.
You may emit foul miasma when damaged in melee.
When hurt, damage is shared between your health and your magic reserves.
You are immune to rotting.
When seriously injured, your bleeding wounds create thick armour. (AC +9)
You have sharp toenails.
Armour fits poorly on your strangely shaped body.
You have an increased reservoir of magic. (+10% MP)
You are resistant to hostile enchantments. (MR+)
You expend magic power (3 MP) to strengthen your wands.


Message History

You feel sick.
* * * LOW HITPOINT WARNING * * *
You feel sick.
* * * LOW HITPOINT WARNING * * *
You feel sick.
* * * LOW HITPOINT WARNING * * *
You feel sick.
* * * LOW HITPOINT WARNING * * *
You feel sick.
You open the door.
* * * LOW HITPOINT WARNING * * *
You feel sick.
There is an open door here.
* * * LOW HITPOINT WARNING * * *
You feel sick.
* * * LOW HITPOINT WARNING * * *
You feel sick.
Okay, then.
You die...
Xom chortles!

* , {,, ,,,,,*,...........# **
***** ** * , #.........##
#####,##,##........... ###
#...#.##.##..........#
..##########...#................#
...........'.............o.......
.......#####)..###..##..?o.5...<.
....................##.........##
#...............@...##...........
....................#######......
#...................# #Y###..
#...................# #.#....
#...................# #.#....
#...................# ** #.#....
######..............# ,, ..#..#.
#............#.# *,* ###..##
#............#.# * ....


There were no monsters in sight!

Vanquished Creatures
  A hippogriff (D:4)
  Prince Ribbit (D:6)
  Eustachio (D:6)
  A sky beast (D:7)
  An ice beast (D:5)
  A black bear (D:6)
  A phantom (D:6)
  A tengu (shapeshifter) (D:2)
  A boggart (shapeshifter) (D:4)
  An ogre (D:6)
  A big kobold (Sewer)
  5 bullfrogs
  6 killer bees (D:7)
  2 crimson imps
  2 howler monkeys
  2 jellies
  2 hounds
  4 orc priests
  A centaur skeleton (D:4)
  A bullfrog skeleton (D:6)
  8 orc wizards
  An iguana (D:5)
  A gnoll shaman (D:7)
  6 worker ants
  A killer bee zombie (D:7)
  10 gnolls
  12 adders
  A shadow imp (D:6)
  An ooze (D:4)
  An adder skeleton (D:6)
  2 worms
  2 dart slugs
  4 leopard geckos
  25 orcs
  5 bats
  2 giant cockroaches
  5 goblins
  4 hobgoblins
  6 jackals
  3 quokkas
  3 ball pythons
  A ball python skeleton (D:6)
  3 frilled lizards (D:1)
  10 kobolds
  8 rats
161 creatures vanquished.

Vanquished Creatures (collateral kills)
  2 phantoms (D:4)
  An orc (D:4)
3 creatures vanquished.

Vanquished Creatures (others)
  An orc (D:6)
1 creature vanquished.

Grand Total: 165 creatures vanquished

Notes
Turn   | Place    | Note
-------+----------+-------------------------------------------
     0 | D:1      | vatarom the Demonspawn Chaos Knight began the quest for the Orb.
     0 | D:1      | Reached XP level 1. HP: 18/18 MP: 1/1
   201 | D:1      | XOM: mild Necr miscast
   218 | D:1      | Reached skill level 3 in Long Blades
   332 | D:1      | Gained mutation: You are immune to rotting. [demonic ancestry]
   332 | D:1      | Reached XP level 2. HP: 23/23 MP: 2/2
   610 | D:2      | XOM: harmless Air miscast
   650 | D:2      | Gained mutation: When seriously injured, your bleeding wounds create armour. (AC +9) [demonic ancestry]
   650 | D:2      | Reached XP level 3. HP: 18/28 MP: 3/3
   681 | D:2      | XOM: silly message
   699 | D:2      | Reached skill level 4 in Long Blades
   918 | D:2      | Gained mutation: You have a pair of small antennae on your head. [demonic ancestry]
   918 | D:2      | Reached XP level 4. HP: 34/34 MP: 4/4
  1003 | D:2      | Noticed a swamp drake
  1003 | D:2      | a worm changed into a swamp drake
  1004 | D:2      | Noticed a warg
  1004 | D:2      | a swamp drake changed into a warg
  1015 | D:2      | Noticed a porcupine
  1015 | D:2      | a warg changed into a porcupine
  1017 | D:2      | Noticed a tengu
  1017 | D:2      | a porcupine changed into a tengu
  1023 | D:2      | Killed a tengu
  1023 | D:2      | Reached skill level 5 in Long Blades
  1023 | D:2      | Reached XP level 5. HP: 10/40 MP: 5/5
  1254 | D:2      | XOM: summons 2 hostile demons
  1591 | D:3      | XOM: summons 3 friendly demons
  1600 | D:3      | Reached skill level 6 in Long Blades
  1725 | D:3      | XOM: god gift: wand of iceblast (?/15) {god gift}
  1989 | D:4      | Noticed a hippogriff
  2003 | D:3      | Gained mutation: You may emit foul miasma when damaged in melee. [demonic ancestry]
  2003 | D:3      | Reached XP level 6. HP: 32/46 MP: 6/6
  2028 | D:3      | XOM: scenery: create altars
  2072 | D:4      | XOM: summons friendly shadow imp
  2265 | D:4      | Found a staircase to the Ecumenical Temple.
  2276 | Temple   | Entered the Ecumenical Temple
  2409 | D:4      | Found a glowing golden altar of the Shining One.
  2453 | D:4      | XOM: summons friendly ufetubus
  2458 | D:4      | Killed a hippogriff
  2458 | D:4      | Gained mutation: You have a pair of antennae on your head. [demonic ancestry]
  2458 | D:4      | Reached XP level 7. HP: 9/51 MP: 7/7
  2629 | D:4      | XOM: god gift: 15 bolts
  2641 | D:4      | XOM: blink monster(s)
  2646 | D:4      | XOM: cast spell 'Summon Mana Viper'
  2659 | D:4      | Reached skill level 7 in Long Blades
  2982 | D:4      | XOM: cast spell 'Chain of Chaos'
  2988 | D:4      | XOM: harmless Tloc miscast
  3241 | D:4      | XOM: summons 1 hostile demon
  3306 | D:4      | XOM: 11-stop teleportation journey
  3369 | D:4      | HP: 2/52 [poisoned by a worker ant]
  3376 | D:4      | HP: 1/52 [poisoned by a worker ant]
  3384 | D:4      | HP: 1/52 [poisoned by a worker ant]
  3621 | D:4      | XOM: mild Ice miscast
  3660 | D:4      | XOM: harmless Tloc miscast
  3937 | D:5      | Entered Level 5 of the Dungeon
  3937 | D:5      | Found Ycle's Antique Weapon Boutique.
  3998 | D:5      | Found Waiwk's Antique Armour Shoppe.
  4032 | D:5      | Reached skill level 5 in Armour
  4032 | D:5      | Gained mutation: When seriously injured, your bleeding wounds create thick armour. (AC +9) [demonic ancestry]
  4032 | D:5      | Reached XP level 8. HP: 38/58 MP: 8/8
  4050 | D:5      | Found a burning altar of Makhleb.
  4059 | D:5      | XOM: noise
  4163 | D:5      | Found Tycoish's Book Shoppe.
  4173 | D:5      | Found Ukovixt's Distillery.
  4189 | D:5      | Bought 2 potions of degeneration for 22 gold pieces
  4257 | D:5      | Reached skill level 8 in Long Blades
  4620 | D:5      | XOM: cast spell 'Summon Butterflies'
  4642 | D:5      | HP: 2/58 [orc/mace (2)]
  5091 | D:5      | XOM: divination: detect items
  5159 | D:5      | Found Cist's Jewellery Boutique.
  5223 | D:6      | XOM: enchant monster (good)
  5288 | D:6      | Got a dazzling leather armour
  5353 | D:6      | Identified the cursed +0 leather armour of the Voivode {Stlth+} (You found it on level 6 of the Dungeon)
  5405 | D:6      | XOM: harmless Hex miscast
  5550 | D:6      | Found a glowing drain.
  5569 | Sewer    | Entered a sewer
  5587 | Sewer    | XOM: harmless Erth miscast
  5691 | Sewer    | Found a glowing silver altar of Zin.
  5844 | D:6      | Noticed Eustachio
  5871 | D:6      | Killed Eustachio
  6034 | D:6      | Noticed Prince Ribbit
  6038 | D:6      | XOM: enchant monster (bad)
  6049 | D:6      | Killed Prince Ribbit
  6049 | D:6      | Reached skill level 9 in Long Blades
  6049 | D:6      | Gained mutation: When hurt, damage is shared between your health and your magic reserves. [demonic ancestry]
  6049 | D:6      | Reached XP level 9. HP: 44/65 MP: 6/9
  6118 | D:6      | Found a blossoming altar of Fedhas.
  6192 | D:6      | XOM: cast spell 'Alistair's Intoxication'
  6390 | D:7      | XOM: 1-stop teleportation journey
  6392 | D:7      | Found a shattered altar of Ashenzari.
  6427 | D:7      | Reached skill level 5 in Fighting
  6457 | D:7      | XOM: smoke on damage
  6548 | D:7      | XOM: fog
  6558 | D:7      | XOM: cast spell 'Leda's Liquefaction'
  6587 | D:7      | Gained mutation: You have sharp toenails. [mutagenic meat]
  6588 | D:7      | Gained mutation: You expend magic power (3 MP) to strengthen your wands. [mutagenic meat]
  6589 | D:7      | Gained mutation: Armour fits poorly on your strangely shaped body. [mutagenic meat]
  6590 | D:7      | Gained mutation: You are resistant to hostile enchantments. (MR+) [mutagenic meat]
  6591 | D:7      | Gained mutation: You have an increased reservoir of magic. (+10% MP) [mutagenic meat]
  6718 | D:7      | Reached skill level 1 in Dodging
  6782 | D:7      | XOM: divination: magic mapping
  6812 | D:7      | XOM: summons friendly iron imp
  6851 | D:7      | HP: 3/69 [poisoned by a killer bee]
  6856 | D:7      | HP: 1/69 [poisoned by a killer bee]
  6860 | D:7      | Succumbed to a killer bee's poison

Skill      XL: |  1  2  3  4  5  6  7  8  9 |
---------------+----------------------------+-----
Long Blades    | 3 4 5 6 7 9 |  9.5
Armour         | 2 3 5 6 |  6.4
Fighting       | 4 5 |  5.9
Dodging        | 2 |  2.5

Action                   |  1- 3 |  4- 6 |  7- 9 || total
-------------------------+-------+-------+-------++-------
Melee: Falchion          |    64 |   128 |   514 ||   706
       Kick              |       |       |    16 ||    16
Evoke: Wand              |       |       |     4 ||     4
  Use: Scroll            |     1 |     2 |     8 ||    11
       Potion            |     1 |     2 |     8 ||    11
 Stab: Confused          |       |       |     2 ||     2
       Petrified         |       |       |    16 ||    16
       Petrifying        |       |       |     3 ||     3
       Paralysed         |       |       |     2 ||     2
  Eat: Chunk             |       |     5 |    10 ||    15
       Bread ration      |       |       |     3 ||     3
Armor: Leather armour    |    27 |    67 |   230 ||   324
Dodge: Dodged            |    36 |    71 |   326 ||   433
       Rpst.: Falchion   |     4 |    19 |    77 ||   100
